 Dungeon Crawl Stone Soup version 0.21.1-1-g345015fe64 (webtiles) character file.

1281 SciVoid the Ruffian (level 8, -2/78 HPs)
             Began as a Troll Berserker on June 20, 2018.
             Was a Believer of Trog.
             Slain by a skeletal warrior
             ... wielding a +0 battleaxe
             ... led by a skeletal warrior
              (11 damage)
             ... on level 7 of the Dungeon.
             The game lasted 00:45:06 (4635 turns).

SciVoid the Ruffian (Troll Berserker)               Turns: 4635, Time: 00:45:07

Health: -2/78      AC:  7    Str: 26    XL:     8   Next: 29%
Magic:  0/7        EV: 11    Int:  1    God:    Trog [**....]
Gold:   288        SH:  0    Dex: 11    Spells: 7/7 levels left

rFire    . . .     SeeInvis +   o - +0 quarterstaff (drain)
rCold    . . .     Gourm    +   (shield currently unavailable)
rNeg     . . .     Faith    .   a - +0 animal skin
rPois    +         Spirit   +   (helmet restricted)
rElec    .         Reflect  .   h - scarf {Spirit}
rCorr    .         Harm     .   (gloves unavailable)
MR       .....                  (boots unavailable)
Stlth    ++........             (no amulet)
HPRegen  0.63/turn              w - ring of poison resistance
MPRegen  0.10/turn              x - ring of see invisible

@: berserk cooldown, slowed, very slow
A: large, unfitting armour, claws 3, iridescent scales 1, blink, dopey 1, fast
metabolism 3, gourmand, regeneration 1, shaggy fur 1, tough skin 2
a: Blink, Berserk, Trog's Hand, Burn Spellbooks, Renounce Religion


You were on level 7 of the Dungeon.
You worshipped Trog.
Trog was pleased with you.
You were not hungry.

You visited 2 branches of the dungeon, and saw 8 of its levels.

You collected 288 gold pieces.

Inventory:

Hand Weapons
 o - a +0 quarterstaff of draining (weapon)
 r - a +0 hand axe of chopping
 v - a -3 giant spiked club
 A - a +0 shortbow
Missiles
 p - 132 arrows
Armour
 a - a +0 animal skin (worn)
 c - a +0 shield
 h - a scarf of spirit shield (worn)
Jewellery
 w - a ring of poison resistance (left claw)
 x - a ring of see invisible (right claw)
Wands
 e - a wand of disintegration (5)
 q - a wand of polymorph (7)
 s - a wand of paralysis (29)
Scrolls
 f - 3 scrolls of teleportation
 k - a scroll of enchant armour {unknown}
 l - a scroll of vulnerability {unknown}
 n - a scroll of fear {unknown}
 t - a scroll of amnesia {unknown}
 y - a scroll of identify
 z - a scroll of random uselessness {unknown}
Potions
 d - 3 potions of heal wounds
 g - a potion of haste {unknown}
 i - a potion of brilliance {unknown}
 j - 4 potions of might
 m - 4 potions of curing
Comestibles
 b - 4 rations


   Skills:
 + Level 3.8 Fighting
 + Level 4.1 Staves
 + Level 4.3 Dodging
 + Level 1.3 Stealth
 + Level 1.8 Shields
 + Level 5.7 Unarmed Combat
 + Level 1.0 Evocations


You had 7 spell levels left.
You didn't know any spells.

Dungeon Overview and Level Annotations

Branches:
Dungeon (7/15)             Temple (1/1) D:5

Altars:
Ashenzari
Cheibriados
Dithmenos
Elyvilon
Fedhas
Gozag
Hepliaklqana
Kikubaaqudgha
Makhleb
Okawaru
Qazlal
Ru
Sif Muna
Trog
Uskayaw
Vehumet
Wu Jian
Xom
Yredelemnul
The Shining One

Shops:
D:7 =


Innate Abilities, Weirdness & Mutations

You are too large for most types of armour.
You have claws for hands.
Your metabolism is lightning-fast.
You like to eat raw meat.
Your natural rate of healing is unusually fast.
You are covered in fur. (AC +1)
You have very tough skin. (AC +2)
You are partially covered in iridescent scales. (AC +2)
You can translocate small distances at will.
You are dopey. (Int -2)


Message History

You barely miss the skeletal warrior.
The skeletal warrior is moderately damaged.
You hit the skeletal warrior.
The skeletal warrior is moderately damaged.
The skeletal warrior hits you with a battleaxe!!
You barely miss the skeletal warrior.
The skeletal warrior is moderately damaged.
The skeletal warrior hits you with a battleaxe!
* * * LOW HITPOINT WARNING * * *
You hit the skeletal warrior.
The skeletal warrior is moderately damaged.
You are no longer berserk.
You are exhausted.
You feel yourself slow down.
The skeletal warrior hits you with a battleaxe!
* * * LOW HITPOINT WARNING * * *
The skeletal warrior hits you with a battleaxe.
* * * LOW HITPOINT WARNING * * *
The skeletal warrior hits you with a battleaxe!
You die...

###....[..####
#.#...##.
#...#######
..#....#.
#......#
.##......
##.....#######.
##.......
#.........<....
#.......
##......#######
#.......
#......[......
#......
#......######
#.....#
##.....z@..#
.#..###)#
##......###..#
#... #.#
#.......# #.#
#. . #.#
#..#.....# ...
#. #.#
#..####.### ...
#.# #.#
#####..# #..#
....# #..##.#
......# #.##
#### #....#
.#..# #.#
###... ....##
#.# ##.#.


You could see a skeletal warrior.

Vanquished Creatures
  A blink frog (D:4)
  A water moccasin (D:7)
  A sky beast (D:7)
  A centaur (D:7)
  2 ogres (D:4)
  A bullfrog (D:3)
  A howler monkey (D:7)
  A crimson imp (D:6)
  2 hounds
  2 orc priests (D:7)
  3 orc wizards
  An iguana (D:5)
  3 worker ants
  2 hound zombies
  A hound skeleton (D:4)
  A howler monkey skeleton (D:7)
  6 adders
  An ooze (D:1)
  7 worms
  4 dart slugs
  A leopard gecko (D:1)
  16 orcs
  4 ball pythons
  2 giant cockroaches
  6 goblins
  6 hobgoblins
  3 quokkas
  7 bats
  3 frilled lizards
  3 kobolds
  A leopard gecko zombie (D:7)
  A quokka zombie (D:5)
  3 rats
98 creatures vanquished.

Notes
Turn   | Place    | Note
-------+----------+-------------------------------------------
     0 | D:1      | SciVoid the Troll Berserker began the quest for the Orb.
     0 | D:1      | Reached XP level 1. HP: 22/22 MP: 0/0
    93 | D:1      | Reached XP level 2. HP: 19/29 MP: 1/1
   478 | D:2      | Reached XP level 3. HP: 36/36 MP: 0/2
   704 | D:2      | Found a blossoming altar of Fedhas.
   935 | D:2      | Reached XP level 4. HP: 37/44 MP: 3/3
  1338 | D:3      | Reached ** piety under Trog
  1382 | D:3      | Noticed a bullfrog
  1389 | D:3      | Killed a bullfrog
  1389 | D:3      | Reached skill level 4 in Unarmed Combat
  1389 | D:3      | Reached XP level 5. HP: 46/53 MP: 2/4
  1713 | D:3      | Found an opulent altar of Gozag.
  1749 | D:3      | Reached skill level 1 in Shields
  2196 | D:4      | Noticed an ogre
  2210 | D:4      | Noticed a blink frog
  2210 | D:4      | an ogre changed into a blink frog
  2239 | D:4      | Reached skill level 5 in Unarmed Combat
  2239 | D:4      | Reached XP level 6. HP: 38/61 MP: 5/5
  2974 | D:4      | Reached skill level 1 in Staves
  3089 | D:4      | Found a shadowy altar of Dithmenos.
  3092 | D:4      | Killed a blink frog
  3092 | D:4      | Reached XP level 7. HP: 54/67 MP: 3/6
  3235 | D:5      | Entered Level 5 of the Dungeon
  3592 | D:5      | Found a stormy altar of Qazlal.
  3594 | D:5      | Found a snail-covered altar of Cheibriados.
  3594 | D:5      | Found an ancient bone altar of Kikubaaqudgha.
  3752 | D:5      | Found a staircase to the Ecumenical Temple.
  3764 | Temple   | Entered the Ecumenical Temple
  4016 | D:6      | Reached skill level 1 in Stealth
  4037 | D:6      | Found a hide-covered altar of Uskayaw.
  4179 | D:7      | Gained mutation: You have a pair of small horns on your head. [potion of mutation]
  4179 | D:7      | Gained mutation: You have large cloven feet. [potion of mutation]
  4186 | D:7      | Reached skill level 1 in Evocations
  4256 | D:7      | Found Gajualoe's Jewellery Shoppe.
  4269 | D:7      | Reached XP level 8. HP: 43/76 MP: 2/7
  4319 | D:7      | Noticed a skeletal warrior
  4323 | D:7      | Noticed a skeletal warrior
  4326 | D:7      | Noticed a skeletal warrior
  4598 | D:7      | Lost mutation: You have large cloven feet. [potion of mutation]
  4598 | D:7      | Lost mutation: You have a pair of small horns on your head. [potion of mutation]
  4598 | D:7      | Gained mutation: You can translocate small distances at will. [potion of mutation]
  4598 | D:7      | Gained mutation: You are dopey. (Int -2) [potion of mutation]
  4598 | D:7      | Gained mutation: You are partially covered in iridescent scales. (AC +2) [potion of mutation]
  4635 | D:7      | Slain by a skeletal warrior

Skill      XL: |  1  2  3  4  5  6  7  8 |
---------------+-------------------------+-----
Dodging        | 3 4 |  4.3
Fighting       | 3 |  3.8
Unarmed Combat | 4 5 |  5.7
Shields        | 1 |  1.8
Staves         | 1 3 4 |  4.1
Stealth        | 1 |  1.3
Evocations     | 1 |  1.0

Action                   |  1- 3 |  4- 6 |  7- 9 || total
-------------------------+-------+-------+-------++-------
Melee: Unarmed           |    99 |    69 |       ||   168
       Quarterstaff      |       |    44 |    94 ||   138
       Hand axe          |       |     2 |       ||     2
       Giant spiked club |       |     3 |       ||     3
       Kick              |       |       |    15 ||    15
       Headbutt          |       |       |    12 ||    12
Invok: Berserk           |       |       |     1 ||     1
Evoke: Wand              |       |     8 |     3 ||    11
  Use: Scroll            |       |     6 |     3 ||     9
       Potion            |       |       |     3 ||     3
 Stab: Paralysed         |       |     2 |       ||     2
  Eat: Ration            |     2 |     4 |     4 ||    10
       Chunk             |       |     5 |     2 ||     7
Armor: Animal skin       |    28 |    19 |    23 ||    70
Dodge: Dodged            |    22 |    51 |    44 ||   117
Block: Shield            |    34 |    25 |       ||    59
